 Dungeon Crawl Stone Soup version 0.31-a0-430-gf8416d752b (webtiles) character file.

Game seed: 10875737033637074757

1632 Bnni the Geomancer (level 9, -4/67 HPs)
             Began as a Formicid Earth Elementalist on July 30, 2023.
             Was a Follower of Cheibriados.
             Slain by a human
             ... wielding a +0 mace
              (6 damage)
             ... on level 6 of the Dungeon.
             The game lasted 00:07:30 (4802 turns).

Bnni the Geomancer (Formicid Earth Elementalist)    Turns: 4802, Time: 00:07:31

Health: -4/67      AC: 10    Str: 16    XL:     9   Next: 18%
Magic:  10/16      EV: 13    Int: 20    God:    Cheibriados [*.....]
Gold:   375        SH:  0    Dex: 16    Spells: 8/18 levels left

rFire   . . .        l - +1 whip (elec)
rCold   . . .        (no shield)
rNeg    . . .        t - +0 chain mail
rPois   .            (helmet unavailable)
rElec   .            (no cloak)
rCorr   .            i - +0 pair of gloves
SInv    +            (no boots)
Will    .....        (no amulet) Stlth
                     n - +5 ring of evasion
HPRegen 0.31/turn    (no ring)
MPRegen 0.15/turn

%: no passive effects
@: very slow
A: permanent stasis, dig shafts and tunnels, antennae 3, four strong arms
a: Dig, Shaft Self, Renounce Religion, Bend Time


You were on level 6 of the Dungeon.
You worshipped Cheibriados.
Cheibriados was aware of your devotion.
You visited 2 branches of the dungeon, and saw 7 of its levels.

You collected 375 gold pieces.

Inventory:

Hand Weapons
 l - a +1 whip of electrocution (weapon)
Missiles
 a - 10 poisoned darts
Armour
 i - a +0 pair of gloves (worn)
 t - a +0 chain mail (worn)
Jewellery
 n - a +5 ring of evasion (left hand)
Wands
 h - a wand of mindburst (19)
 w - a wand of flame (14)
Scrolls
 d - a scroll of torment {unknown}
 j - a scroll of immolation {unknown}
 o - a scroll of brand weapon {unknown}
 r - a scroll of poison
 v - a scroll of blinking
Potions
 b - a potion of magic
 c - a potion of attraction {unknown}
 f - a potion of might {unknown}
 g - a potion of degeneration {unknown}
 k - a potion of heal wounds {unknown}
 p - a potion of haste
 q - a potion of curing {unknown}
 s - 2 potions of enlightenment {unknown}
 u - a potion of brilliance {unknown}


   Skills:
 + Level 4.9 Fighting
 + Level 3.7 Armour
 - Level 1.7 Dodging
 - Level 2.4 Stealth
 - Level 5.0 Spellcasting
 - Level 3.0 Transmutations
 * Level 8.9 Earth Magic
 + Level 3.9 Invocations


You had 8 spell levels left.
You knew the following spells:

 Your Spells              Type           Power      Damage    Failure   Level
a - Sandblast             Erth           80%        2d17      3%          1
b - Passwall              Tmut/Erth      23%        N/A       17%         2
c - Stone Arrow           Conj/Erth      44%        3d9       54%         3
p - Petrify               Tmut/Erth      28%        N/A       75%         4

Your spell library contained the following spells:

 Spells                   Type           Power      Damage    Failure   Level
 Summon Small Mammal      Summ           20%        N/A       78%         1
 Call Canine Familiar     Summ           5%         N/A       98%         3
 Gell's Gravitas          Tloc           5%         N/A       98%         3
 Summon Guardian Golem    Hex/Summ       5%         N/A       98%         3
 Teleport Other           Tloc           5%         N/A       98%         3
 Dispersal                Tloc           2%         N/A       100%        6


Dungeon Overview and Level Annotations

Branches:
Dungeon (6/15)             Temple (1/1) D:4

Altars:
Cheibriados
Dithmenos
Elyvilon
Fedhas
Gozag
Hepliaklqana
Kikubaaqudgha
Qazlal
Ru
Trog
Uskayaw
Vehumet
Wu Jian
The Shining One

Shops:
D:2 [


Innate Abilities, Weirdness & Mutations

You cannot be hasted, slowed, berserked, paralysed or teleported.
You can dig through walls and to a lower floor.
You have a pair of large antennae on your head. (SInv)
Your four strong arms can wield two-handed weapons with a shield.


Message History

Aim: a human, wielding a +0 mace and wearing a +0 animal skin (79% to hit)
The blast of sand hits the human but does no damage.
The human shouts!
The human barely misses you. The human hits you with a +0 mace.
Aiming: Sandblast (safe; 3% risk of failure)
Press: ? - help, Q - select action, (/) - cycle Shift-Dir - straight line, f/p - human
Aim: a human, wielding a +0 mace and wearing a +0 animal skin (79% to hit)
The blast of sand hits the human but does no damage.
The human hits you with a +0 mace! x2
* * * LOW HITPOINT WARNING * * *
The human hits you with a +0 mace.
* * * LOW HITPOINT WARNING * * *
The human completely misses you.
Unknown command.
As you read the scroll labelled GON TINESS, it crumbles to dust.
It is a scroll of identify.
r - a scroll of poison The human closely misses you.
The human hits you but does no damage.
Okay, then.
As you read the scroll of identify, it crumbles to dust.
v - a scroll of blinking The human hits you with a +0 mace!
* * * LOW HITPOINT WARNING * * *
The human hits you but does no damage.
Okay, then.
You fail to use your ability.
The human hits you with a +0 mace.
* * * LOW HITPOINT WARNING * * *
The flow of time bends around you.
Cheibriados rebukes the human.
The human seems to slow down.
Cheibriados rebukes the human.
The human seems to slow down.
Unknown command.
Okay, then.
It was a potion of haste.
Your stasis prevents you from being hasted.
The human hits you with a +0 mace.
* * * LOW HITPOINT WARNING * * *
The human hits you with a +0 mace.
You die...

#.##...(.#.##...
...##....#.##..)
...#####........
#########......#..#.#####
..............# #.# {#
...#.<....# #.# #.
#.#......# #.#
#.####..[...#.# #.#
#......†p@..# # #.#
#.......pp.## {#.#####
#.#..........# {#......
#............# #......
........)....# {#......
####...?.....# #.##.#.
.............# {#....#.
.............# {{######.
####.........# ##


You could see 3 humans.

Vanquished Creatures
  Prince Ribbit (D:5)
  A human (D:6)
  A black bear (D:4)
  4 ogres
  4 phantoms
  Blork the orc (D:5)
  3 scorpions
  A wight (D:5)
  2 hounds
  An iguana (D:5)
  3 sleepcaps
  5 adders
  2 worms
  2 dart slugs
  2 orcs (D:5)
  3 endoplasms
  A giant cockroach (D:4)
  6 goblins
  6 hobgoblins
  5 quokkas
  6 ball pythons
  9 bats
  4 frilled lizards
  6 kobolds
  7 rats
86 creatures vanquished.

Notes
Turn   | Place    | Note
-------+----------+-------------------------------------------
     0 | D:1      | Bnni the Formicid Earth Elementalist began the quest for
                  | the Orb.
     0 | D:1      | Reached XP level 1. HP: 13/13 MP: 3/3
   147 | D:1      | Found a faded altar of an unknown god.
   327 | D:1      | Reached XP level 2. HP: 20/20 MP: 5/5
   535 | D:1      | Reached skill level 4 in Earth Magic
   687 | D:1      | Learned a level 2 spell: Passwall
   786 | D:2      | Reached skill level 1 in Fighting
   786 | D:2      | Reached XP level 3. HP: 23/26 MP: 3/6
  1339 | D:2      | Found a transporter.
  1343 | D:2      | Found Mutsi's Antique Armour Boutique.
  1345 | D:2      | Found a transporter.
  1392 | D:2      | Reached XP level 4. HP: 27/32 MP: 4/7
  1572 | D:2      | Learned a level 3 spell: Stone Arrow
  1747 | D:3      | Noticed a scorpion
  1755 | D:3      | Killed a scorpion
  1756 | D:3      | Reached skill level 5 in Earth Magic
  1756 | D:3      | Reached XP level 5. HP: 5/38 MP: 2/9
  2400 | D:4      | Learned a level 4 spell: Petrify
  2449 | D:4      | Noticed a black bear
  2569 | D:4      | Noticed a phantom
  2575 | D:4      | Killed a phantom
  2576 | D:4      | Reached XP level 6. HP: 45/46 MP: 5/10
  2766 | D:4      | Noticed an ogre
  2775 | D:4      | Killed an ogre
  2776 | D:4      | Reached skill level 6 in Earth Magic
  2902 | D:4      | Found a staircase to the Ecumenical Temple.
  2907 | Temple   | Entered the Ecumenical Temple
  2923 | Temple   | Became a worshipper of Cheibriados the Contemplative
  3074 | D:4      | Reached XP level 7. HP: 52/52 MP: 9/12
  3200 | D:4      | Reached skill level 1 in Armour
  3200 | D:4      | Reached skill level 1 in Invocations
  3402 | D:5      | Entered Level 5 of the Dungeon
  3588 | D:5      | Noticed Prince Ribbit
  3592 | D:5      | Killed Prince Ribbit
  3593 | D:5      | Reached skill level 7 in Earth Magic
  3593 | D:5      | Reached XP level 8. HP: 45/60 MP: 9/14
  3663 | D:5      | Noticed Blork the orc
  3670 | D:5      | Killed Blork the orc
  4063 | D:5      | Reached skill level 8 in Earth Magic
  4619 | D:5      | Reached * piety under Cheibriados
  4671 | D:6      | Reached XP level 9. HP: 64/66 MP: 12/16
  4793 | D:6      | Reached skill level 5 in Spellcasting
  4800 | D:6      | HP: 3/67 [human/+0 mace (6)]
  4802 | D:6      | Slain by a human

Illustrated notes

Levels and vault maps discovered:
D:1:      erik_arrival_orb_chamber, layout_basic, basic_ecumenical_altar,
          solitary_fountain, minmay_distorted
D:2:      layout_loops_ring, serial_shops, nicolae_shop_drivethru
D:3:      layout_basic
D:4:      layout_cave_pods, temple_doors_cd, st_stairs_5
D:5:      layout_basic, uniq_prince_ribbit1, uniq_blork_the_orc
D:6:      layout_basic, minmay_ruffians
Temple:   dpeg_chambers_temple

Skill      XL: |  1  2  3  4  5  6  7  8  9 |
---------------+----------------------------+-----
Earth Magic    | 4 5 6 7 8 |  8.9
Fighting       | 1 2 3 4 |  4.9
Transmutations | 2 3 |  3.0
Spellcasting   | 3 4 5 |  5.0
Armour         | 2 3 |  3.7
Invocations    | 2 3 |  3.9
Dodging        | |  1.7
Stealth        | |  2.4

Action                     |  1- 3 |  4- 6 |  7- 9 || total
---------------------------+-------+-------+-------++-------
  Melee: Dagger            |    55 |       |       ||    55
         Whip              |     1 |       |     5 ||     6
         Hand axe          |    33 |    41 |       ||    74
         Punch             |     1 |     1 |       ||     2
         Quarterstaff      |       |       |    12 ||    12
  Throw: Dart              |       |     4 |       ||     4
   Cast: Sandblast         |    13 |    36 |    68 ||   117
 Invoke: Bend Time         |       |       |     1 ||     1
    Use: Scroll            |       |       |     2 ||     2
         Potion            |       |       |     1 ||     1
   Stab: Sleeping          |     3 |     3 |       ||     6
 Armour: Robe              |     1 |       |       ||     1
         Leather armour    |    29 |    14 |       ||    43
         Ring mail         |       |       |    14 ||    14
         Chain mail        |       |       |     5 ||     5
  Dodge: Dodged            |    64 |    52 |    52 ||   168

Table legend: (Time is in decaauts)
 A = Elapsed time spent in this place.
 B = Non-inter-level travel time spent in this place.
 C = Inter-level travel time spent in this place.
 D = Time resting spent in this place.
 E = Time spent auto-exploring this place.
 F = Levels seen in this place.
 G = Mean time per level.
                   A        B        C        D        E       F      G
               +--------+--------+--------+--------+--------+-----+--------+
         Total |   5164 |   4965 |    199 |    414 |   3669 |   7 |  737.7 |
       Dungeon |   5131 |   4947 |    184 |    414 |   3669 |   6 |  855.2 |
        Temple |     33 |     18 |     15 |      0 |      0 |   1 |   33.0 |
               +--------+--------+--------+--------+--------+-----+--------+

Top non-repeatable levels by time:
     D:5: 1402 daAuts
     D:4: 1128 daAuts
     D:2: 926 daAuts
     D:1: 767 daAuts
     D:3: 686 daAuts
     D:6: 220 daAuts
  Temple: 33 daAuts
